 Dungeon Crawl Stone Soup version 0.19.0-2-gae57169 (webtiles) character file.

268985 Gingerlord the Warrior (level 20, -12/136 HPs)
             Began as a Gargoyle Gladiator on Nov 5, 2016.
             Was the Champion of Makhleb.
             Mangled by a white very ugly thing (47 damage)
             ... on level 2 of the Vaults.
             The game lasted 01:57:40 (37220 turns).

Gingerlord the Warrior (Gargoyle Gladiator)        Turns: 37220, Time: 01:57:41

Health: -12/136    AC: 60    Str: 29    XL:     20   Next: 17%
Magic:  30/30      EV: 18    Int: 12    God:    Makhleb [******]
Gold:   2350       SH:  0    Dex: 15    Spells: 0 memorised, 19 levels left

rFire  + . .     SeeInvis +     E - +7 dire flail of Wrath {freeze, rPois Str+6}
rCold  . . .     Gourm    +     r - +27 Lear's hauberk
rNeg   + + .     Faith    .     (shield currently unavailable)
rPois  ∞         Spirit   .     (helmet currently unavailable)
rElec  +         Reflect  .     P - +2 cloak "Guzxan" {rF+ MR+ Str+3}
rCorr  +         Harm     .     (gloves currently unavailable)
MR     ++...                    (boots currently unavailable)
Stlth  ..........               I - amulet of the gourmand
                                i - ring of see invisible
                                H - ring of Qaveruy {rCorr rPois rN+}

@: no status effects
A: big wings, negative energy resistance 1, electricity resistance, unbreathing,
petrification resistance, rot immunity, AC +15
a: Fly, Minor Destruction, Lesser Servant of Makhleb, Major Destruction, Greater
Servant of Makhleb, Renounce Religion
}: 2/15 runes: decaying, gossamer


You were on level 2 of the Vaults.
You worshipped Makhleb.
Makhleb was exalted by your worship.
You were full.

You visited 7 branches of the dungeon, and saw 34 of its levels.
You also visited: Labyrinth.

You collected 3231 gold pieces.
You spent 881 gold pieces at shops.

Inventory:

Hand Weapons
 E - the +7 dire flail of Wrath (weapon) {freeze, rPois Str+6}
   (You found it on level 3 of the Swamp)

   It has been specially enchanted to freeze those struck by it, causing extra
   injury to most foes and up to half again as much damage against particularly
   susceptible opponents.
   It can also slow down cold-blooded creatures.
   It affects your strength (+6).
   It protects you from poison.
 G - the +5 great mace of Watchfulness {crush, +Blink SInv}
   (You found it on level 1 of the Spider Nest)

   It inflicts extra damage upon your enemies.
   It lets you see invisible.
   It lets you blink.
 V - a +3 dire flail of freezing
Armour
 a - a +0 shield
 m - a +0 plate armour
 r - the +27 Lear's hauberk (worn)
   (You acquired it on level 14 of the Dungeon)
 P - the +2 cloak "Guzxan" (worn) {rF+ MR+ Str+3}
   (You found it on level 2 of the Lair of Beasts)

   It affects your strength (+3).
   It protects you from fire.
   It affects your resistance to hostile enchantments.
Jewellery
 c - a +5 ring of evasion
 e - an uncursed ring of positive energy
 i - a ring of see invisible (right hand)
 H - the ring of Qaveruy (left hand) {rCorr rPois rN+}
   (You bought it in a shop on level 2 of the Orcish Mines)

   [ring of resist corrosion]

   It protects you from poison.
   It protects you from negative energy.
 I - an amulet of the gourmand (around neck)
Wands
 d - a wand of teleportation (6/9)
 T - a wand of hasting (5/9)
 W - a wand of digging (11/24)
Scrolls
 j - 8 scrolls of teleportation
 l - 5 scrolls of blinking
 n - 3 scrolls of magic mapping
 p - 5 scrolls of recharging
 u - 3 scrolls of enchant weapon
 v - 8 scrolls of fear
 w - 14 scrolls of remove curse
 A - 10 scrolls of identify
 F - 6 scrolls of fog
 M - a scroll of enchant armour
 U - a scroll of holy word
Potions
 g - 6 potions of agility
 h - 16 potions of curing
 k - 3 potions of cure mutation
 o - a potion of mutation
 q - 4 potions of ambrosia
 s - a potion of magic
 t - a potion of invisibility
 x - a potion of cancellation
 z - 4 potions of brilliance
 B - 6 potions of might
 C - 2 potions of berserk rage
 L - 2 potions of haste
 R - 2 potions of resistance
 X - 4 potions of heal wounds
Comestibles
 b - 12 meat rations
 f - 14 bread rations
 J - 12 fruits
 K - a royal jelly
 N - a slice of pizza


   Skills:
 + Level 18.0 Fighting
 + Level 15.7 Maces & Flails
 - Level 1.7 Throwing
 + Level 17.7 Armour
 + Level 13.9 Dodging
 - Level 6.2 Shields
 - Level 14.0 Invocations


You had 19 spell levels left.
You didn't know any spells.

Dungeon Overview and Level Annotations

Branches:
Dungeon (15/15)            Temple (1/1) D:4            Lair (6/6) D:9
  Swamp (4/4) Lair:3       Spider (4/4) Lair:2        Slime (0/5) Lair:6
    Orc (2/2) D:10            Elf (0/3) Orc:2        Vaults (2/5) D:14
  Crypt (0/3) Vaults:2     Depths (0/5) D:15

Altars:
Ashenzari
Cheibriados
Dithmenos
Elyvilon
Fedhas
Gozag
Kikubaaqudgha
Makhleb
Nemelex Xobeh
Okawaru
Qazlal
Ru
Sif Muna
Trog
Uskayaw
Vehumet
Xom
Yredelemnul
Zin
The Shining One
Beogh
Jiyva

Shops:
D:5 ?   D:12 (   Orc:2 !=}(=   Vaults:1 :   Vaults:2 }

Portals:
Trove: D:11 (give 12 potions of heal wounds)

Annotations:
D:9 Gastronok; Savior361's ghost, novice MiFi
Lair:1 exclusion: oklob plant


Innate Abilities, Weirdness & Mutations

You are resistant to torment.
Your stone body is resilient. (AC +15)
You are immune to poison.
Your large and strong wings let you fly indefinitely.
You resist negative energy. (rN+)
You are resistant to electric shocks. (rElec)
You can survive without breathing.
You are immune to petrification.
You are immune to rotting.


Message History

The white very ugly thing bites you! The white very ugly thing freezes you!!
You thump the white very ugly thing!
The white very ugly thing is moderately wounded.
The white very ugly thing bites you but does no damage.
You bludgeon the white very ugly thing!!
You freeze the white very ugly thing.
The white very ugly thing is heavily wounded.
You impale the white very ugly thing!! You freeze the white very ugly thing.
The white very ugly thing is almost dead.
The white very ugly thing bites you.
The white very ugly thing freezes you!!!
You completely miss the white very ugly thing.
The white very ugly thing is almost dead.
You closely miss the white very ugly thing.
The white very ugly thing is almost dead.
The white very ugly thing bites you but does no damage.
A demon appears!
The white very ugly thing bites you.
* * * LOW HITPOINT WARNING * * *
The white very ugly thing freezes you!!!
You die...

.......# ######'#####
#.. .......# #...[†.#
#.. .......# #......#
#.. .......# #......#
#.. .......# #......#
#.. ..?....# #......#
#'# ###'##########
#......+
#...........#####'#####
#.<...(.....#..@u2..#
#......[....#.......#
#...######'##.....[.#
#...#....[[)'.......#
#...#.(...[)'.......#
#...#......[#.......#
#...#...#############
#...'...#...#
#...#.(.'...#


You could see a white very ugly thing and a friendly cacodemon.

Vanquished Creatures
  Xtahua (Vaults:1)
  Arachne (Spider:2)
  A tentacled monstrosity (Vaults:1)
  A lich (Vaults:2)
  2 sphinxes (Vaults:1)
  Agnes (Spider:2)
  A thorn hunter (Swamp:2)
  A storm dragon (Vaults:2)
  2 azure jellies (Swamp:4)
  A ghost moth (Spider:4)
  A fire giant (Vaults:2)
  A revenant (Vaults:2)
  3 emperor scorpions (Spider:4)
  The ghost of toastedzergling the Brawler, a journeyman TrHu of Trog (Orc:2)
  Aizul (Spider:3)
  4 vault wardens
  A stone giant (Vaults:2)
  6 ironheart preservers
  3 entropy weavers
  A spark wasp (Spider:4)
  An ettin (Vaults:2)
  A minotaur (Lab)
  An eidolon (Vaults:2)
  Josephine (D:10)
  2 fire dragons
  5 yaktaur captains
  A great orb of eyes (Vaults:2)
  14 hydras
  A rakshasa (Vaults:2)
  2 ice dragons
  10 vault guards
  9 centaur warriors
  3 catoblepae (Lair:6)
  A death knight (Vaults:2)
  15 death yaks
  11 ogre magi
  12 alligators
  An orc high priest (Orc:1)
  A deep troll earth mage (Vaults:2)
  Nergalle (Lair:6)
  Urug (Lair:5)
  A soul eater (Vaults:2)
  A shadow wraith (Vaults:1)
  9 deep trolls
  3 skeletal warriors (Vaults:2)
  A spriggan druid (Swamp:4)
  An entropy weaver zombie (Vaults:2)
  2 unseen horrors
  A flayed ghost (Vaults:2)
  A glowing orange brain (Vaults:2)
  3 shambling mangroves
  9 hill giants
  A phantasmal warrior (Vaults:2)
  3 swamp dragons
  10 harpies (Vaults:1)
  2 necromancers
  A wizard (Vaults:2)
  10 ironbrand convokers
  A lindwurm (Lair:5)
  Pikel (D:7)
  12 orc knights
  21 wolf spiders
  10 ugly things
  2 manticores
  11 orb spiders
  3 orc sorcerers
  2 human zombies (Vaults:2)
  12 deep elf magi
  Maurice (D:10)
  8 cyclopes
  12 vault sentinels
  2 black mambas
  A storm dragon simulacrum (Vaults:2)
  A gargoyle (D:10)
  A centaur skeleton (D:14)
  3 kobold demonologists
  An efreet (D:14)
  12 spiny frogs
  12 yaktaurs
  8 rime drakes
  6 komodo dragons
  A rime drake (shapeshifter) (Vaults:1)
  13 demonic crawlers
  7 freezing wraiths
  An entropy weaver simulacrum (Vaults:2)
  A guardian mummy (D:11)
  An ice devil (Lair:4)
  28 jumping spiders
  15 trolls
  A troll (shapeshifter) (Vaults:2)
  8 tyrant leeches
  Prince Ribbit (D:8)
  A meliai (D:15)
  25 slime creatures
  18 hornets
  2 two-headed ogres (shapeshifter)
  17 two-headed ogres
  19 blink frogs
  5 bog bodies
  14 hippogriffs
  2 shadows
  6 spriggans
  A spriggan (shapeshifter) (Vaults:1)
  53 redbacks
  28 tarantellas
  A vampire (D:13)
  8 wraiths
  Grum (D:8)
  11 wyverns
  55 yaks
  3 hungry ghosts
  5 basilisks
  4 swamp worm simulacra (Swamp:4)
  27 vampire mosquitoes
  17 swamp worms
  5 wargs
  2 mottled dragons
  A soldier ant (D:9)
  5 insubstantial wisps (Swamp:1)
  10 water moccasins
  2 hell hounds (Lair:6)
  17 hydra simulacra (Swamp:4)
  8 porcupines
  A deep troll skeleton (Vaults:2)
  An eye of draining (D:13)
  2 ice beasts (D:8)
  34 orc warriors
  A phantom (D:9)
  3 sky beasts
  7 swamp drakes
  3 necrophages
  50 ogres
  18 wolves
  4 boggarts (Vaults:1)
  7 centaurs
  12 crocodiles
  5 big kobolds
  Blork the orc (D:6)
  21 bullfrogs
  2 wyvern skeletons (D:10)
  2 scorpions
  6 killer bees (D:11)
  An electric eel (Lair:1)
  6 wights
  A howler monkey (D:4)
  A centaur zombie (D:12)
  9 crimson imps
  A quasit (D:14)
  A bullfrog zombie (D:11)
  7 hounds
  14 orc priests
  3 jellies
  11 orc wizards
  2 bullfrog skeletons
  Jessica (D:3)
  12 human skeletons (Vaults:2)
  5 iguanas
  14 worker ants
  3 polar bear simulacra (Lair:6)
  3 wolf simulacra (Lair:6)
  A hound zombie (D:6)
  A worker ant zombie (D:6)
  9 adders
  2 hound simulacra (D:8)
  8 shadow imps
  5 white imps
  2 oozes
  4 swamp drake simulacra (Swamp:4)
  An adder skeleton (D:4)
  4 worms
  A dart slug (D:3)
  3 adder simulacra (D:8)
  5 leopard geckos
  74 orcs
  2 ball pythons
  2 giant cockroaches
  5 goblins
  10 hobgoblins
  10 jackals
  20 kobolds
  A quokka (D:10)
  9 bats
  4 frilled lizards
  A leopard gecko skeleton (D:4)
  A leopard gecko zombie (D:8)
  A quokka skeleton (D:9)
  8 rats
  5 river rat simulacra (Lair:6)
1254 creatures vanquished.

Vanquished Creatures (collateral kills)
  Asterion (Spider:1)
  Frances (D:12)
  A vault warden (Vaults:1)
  3 yaktaur captains
  A death knight (Vaults:2)
  An orc knight (Vaults:2)
  2 ironbrand convokers (Vaults:1)
  A wolf spider (Spider:2)
  An orb spider (Spider:1)
  An ugly thing (Vaults:1)
  2 black mambas (Lair:2)
  3 spiny frogs
  3 komodo dragons (Lair:3)
  An ice devil (Lair:4)
  A yaktaur (Vaults:2)
  A jumping spider (Spider:2)
  A polar bear (Lair:2)
  A redback (Lair:2)
  A water moccasin (Lair:2)
  4 orc warriors
  An electric eel (Spider:2)
  7 orcs (D:12)
39 creatures vanquished.

Vanquished Creatures (others)
  A rakshasa (Vaults:2)
  A wizard (Vaults:1)
  A slave (D:9)
  A centaur (Vaults:1)
  An electric eel (D:11)
  An orc (D:14)
  2 briar patches (Swamp:2)
  5 fungi
  13 plants
26 creatures vanquished.

Grand Total: 1319 creatures vanquished

Notes
Turn   | Place    | Note
-------+----------+-------------------------------------------
     0 | D:1      | Gingerlord the Gargoyle Gladiator began the quest for the Orb.
     0 | D:1      | Reached XP level 1. HP: 12/12 MP: 1/1
   130 | D:1      | Reached XP level 2. HP: 18/18 MP: 2/2
   400 | D:1      | Reached XP level 3. HP: 22/22 MP: 3/3
   433 | D:1      | Reached skill level 1 in Armour
  1249 | D:2      | Reached XP level 4. HP: 27/27 MP: 4/4
  1275 | D:3      | Reached skill level 3 in Fighting
  1315 | D:3      | Noticed Jessica
  1362 | D:3      | Killed Jessica
  1362 | D:3      | Reached XP level 5. HP: 23/32 MP: 5/5
  1496 | D:3      | You fall through a shaft!
  1581 | D:4      | Noticed an ogre
  1589 | D:4      | Killed an ogre
  1589 | D:4      | Reached XP level 6. HP: 23/38 MP: 6/6
  1744 | D:4      | Reached skill level 4 in Fighting
  1915 | D:4      | Found a staircase to the Ecumenical Temple.
  1924 | Temple   | Entered the Ecumenical Temple
  2007 | Temple   | Became a worshipper of Makhleb the Destroyer
  2370 | D:3      | Noticed a moth of wrath
  2373 | D:3      | Found a bloodstained altar of Trog.
  2537 | D:2      | Reached * piety under Makhleb
  3090 | D:5      | Entered Level 5 of the Dungeon
  3145 | D:5      | Reached XP level 7. HP: 32/44 MP: 7/7
  3418 | D:5      | Reached skill level 5 in Maces & Flails
  3884 | D:5      | Reached skill level 5 in Fighting
  3908 | D:5      | Found Ugargh's Magic Scroll Shoppe.
  3916 | D:5      | Bought a scroll of teleportation for 39 gold pieces
  3916 | D:5      | Bought a scroll of blinking for 97 gold pieces
  3916 | D:5      | Bought a scroll of enchant weapon for 97 gold pieces
  4275 | D:6      | Noticed Blork the orc
  4331 | D:6      | Reached XP level 8. HP: 35/49 MP: 8/8
  4397 | D:6      | Killed Blork the orc
  4613 | D:6      | Reached skill level 5 in Armour
  4853 | D:6      | Found a glowing silver altar of Zin.
  5179 | D:6      | Found a shattered altar of Ashenzari.
  5179 | D:6      | Found a shadowy altar of Dithmenos.
  5454 | D:7      | Reached skill level 6 in Fighting
  5645 | D:7      | Reached ** piety under Makhleb
  5693 | D:7      | Reached skill level 5 in Dodging
  5922 | D:7      | Noticed Pikel
  5946 | D:7      | Killed Pikel
  5946 | D:7      | Reached XP level 9. HP: 39/56 MP: 8/10
  6229 | D:8      | Noticed Prince Ribbit
  6243 | D:8      | Killed Prince Ribbit
  6299 | D:8      | Reached skill level 7 in Fighting
  6598 | D:8      | Noticed Gastronok
  7039 | D:8      | Reached XP level 10. HP: 63/63 MP: 13/13
  7056 | D:8      | Noticed Grum
  7058 | D:8      | Reached skill level 5 in Invocations
  7094 | D:8      | Killed Grum
  7860 | D:9      | Reached *** piety under Makhleb
  8059 | D:9      | Noticed Savior361's ghost (novice MiFi)
  8905 | D:8      | Reached skill level 8 in Fighting
  9372 | D:9      | Found a staircase to the Lair.
  9418 | D:9      | Noticed a spiny frog
  9500 | D:10     | Entered Level 10 of the Dungeon
 10081 | Lair:1   | Entered Level 1 of the Lair of Beasts
 10190 | Lair:1   | Noticed a spiny frog
 10198 | Lair:1   | Killed a spiny frog
 10640 | Lair:1   | Found a hide-covered altar of Uskayaw.
 10640 | Lair:1   | Noticed an oklob plant
 11238 | Lair:2   | Reached XP level 11. HP: 60/69 MP: 16/16
 11522 | Lair:2   | Reached skill level 10 in Fighting
 11522 | Lair:2   | Reached skill level 10 in Armour
 11522 | Lair:2   | Reached XP level 12. HP: 79/79 MP: 17/17
 11882 | Lair:2   | Found a hole to the Spider Nest.
 12144 | Lair:2   | Reached skill level 11 in Fighting
 12650 | Lair:2   | Got a bloodstained cloak
 12656 | Lair:2   | Identified the +2 cloak "Guzxan" {rF+ MR+ Str+3} (You found it on level 2 of the Lair of Beasts)
 13453 | Lair:3   | Noticed Nergalle
 13458 | Lair:3   | Noticed an eight-headed hydra
 13473 | Lair:3   | Noticed a seven-headed hydra
 13555 | Lair:2   | Killed a seven-headed hydra
 13843 | Lair:2   | HP: 2/80 [komodo dragon (18)]
 14385 | Lair:3   | Found a staircase to the Swamp.
 15106 | Lair:4   | Reached skill level 10 in Invocations
 15137 | Lair:4   | Found a labyrinth entrance.
 15146 | Lab      | Entered a labyrinth
 16530 | Lab      | Noticed a minotaur
 16541 | Lab      | Killed a minotaur
 16622 | Lair:4   | Reached XP level 13. HP: 60/84 MP: 20/20
 17474 | Lair:5   | Got a heavily runed ring mail
 17503 | Lair:5   | Identified the +3 ring mail of Uwkukky {SInv} (You found it on level 5 of the Lair of Beasts)
 17681 | Lair:5   | Noticed Urug
 17711 | Lair:5   | Killed Urug
 17711 | Lair:5   | Reached **** piety under Makhleb
 17732 | Lair:5   | Reached skill level 12 in Fighting
 17786 | Lair:5   | Found a sparkling altar of Nemelex Xobeh.
 18449 | Lair:6   | Entered Level 6 of the Lair of Beasts
 18598 | Lair:6   | Reached skill level 10 in Maces & Flails
 18645 | Lair:6   | Killed Nergalle
 18832 | Lair:6   | Reached ***** piety under Makhleb
 18845 | Lair:6   | Gained mutation: Your large and strong wings let you fly indefinitely. [Gargoyle growth]
 18845 | Lair:6   | Reached XP level 14. HP: 92/92 MP: 22/22
 19438 | Lair:6   | Reached skill level 13 in Fighting
 19834 | Lair:6   | Paralysed by the power of Zot for 4 turns
 20060 | Lair:6   | Found a viscous altar of Jiyva.
 20060 | Lair:6   | Found a staircase to the Slime Pits.
 20408 | D:10     | Found a staircase to the Orcish Mines.
 20498 | D:10     | Reached ****** piety under Makhleb
 20542 | D:10     | Noticed Josephine
 20554 | D:10     | Killed Josephine
 20559 | D:10     | Noticed Maurice
 20604 | D:10     | Killed Maurice
 20938 | Orc:1    | Entered Level 1 of the Orcish Mines
 21001 | Orc:1    | Reached XP level 15. HP: 95/99 MP: 24/24
 21040 | Orc:2    | Entered Level 2 of the Orcish Mines
 21254 | Orc:2    | Noticed toastedzergling's ghost (journeyman TrHu)
 21271 | Orc:2    | Killed toastedzergling's ghost
 21370 | Orc:2    | Reached skill level 10 in Dodging
 21401 | Orc:2    | Found a roughly hewn altar of Beogh.
 21406 | Orc:2    | Found Nounesk's Weapon Boutique.
 21490 | Orc:2    | Found Nilonas's Gadget Shop.
 21491 | Orc:2    | Found Dimick's Jewellery Shop.
 21492 | Orc:2    | Found Nagolec's Distillery.
 21509 | Orc:2    | Bought a potion of curing for 42 gold pieces
 21509 | Orc:2    | Bought a potion of heal wounds for 70 gold pieces
 21509 | Orc:2    | Bought a potion of might for 56 gold pieces
 21509 | Orc:2    | Bought a potion of might for 56 gold pieces
 21622 | Orc:2    | Found a staircase to the Elven Halls.
 21971 | Orc:2    | Found Setedgh's Jewellery Shop.
 21974 | Orc:2    | Bought the ring of Qaveruy {rCorr rPois rN+} for 424 gold pieces
 22277 | D:11     | Found a portal to a secret trove of treasure.
 23059 | D:12     | Noticed Frances
 23068 | D:12     | Killed Frances
 23123 | D:12     | Found a roughly hewn altar of Beogh.
 23338 | D:12     | Found Vuhip's Weapon Shop.
 24554 | D:14     | Reached skill level 1 in Shields
 24577 | D:14     | Reached skill level 14 in Fighting
 24685 | D:14     | Found a gate to the Vaults.
 24742 | D:14     | Reached XP level 16. HP: 106/106 MP: 26/26
 24944 | D:14     | Identified a scroll of acquirement
 25349 | D:15     | Entered Level 15 of the Dungeon
 25555 | D:15     | Found a staircase to the Depths.
 26332 | Swamp:1  | Entered Level 1 of the Swamp
 26888 | Swamp:1  | Reached skill level 5 in Shields
 27618 | Swamp:2  | Noticed a thorn hunter
 27657 | Swamp:2  | Killed a thorn hunter
 28525 | Swamp:3  | Reached XP level 17. HP: 68/112 MP: 27/27
 29050 | Swamp:3  | Reached skill level 15 in Fighting
 29058 | Swamp:3  | Got a bloodstained dire flail
 29059 | Swamp:3  | Identified the +7 dire flail of Wrath {freeze, rPois Str+6} (You found it on level 3 of the Swamp)
 29135 | Swamp:4  | Entered Level 4 of the Swamp
 29690 | Swamp:4  | Reached skill level 15 in Armour
 29695 | Swamp:4  | Got a decaying rune of Zot
 29898 | Spider:1 | Entered Level 1 of the Spider Nest
 30062 | Spider:1 | Got a shimmering great mace
 30063 | Spider:1 | Identified the +5 great mace of Watchfulness {crush, +Blink SInv} (You found it on level 1 of the Spider Nest)
 30067 | Spider:1 | Noticed Asterion
 30072 | Spider:1 | Noticed an Executioner
 30616 | Spider:1 | Killed Asterion
 31850 | Spider:2 | Noticed Agnes
 31871 | Spider:2 | Killed Agnes
 31889 | Spider:2 | Noticed Arachne
 31909 | Spider:2 | Killed Arachne
 31950 | Spider:2 | Reached skill level 16 in Fighting
 32286 | Spider:3 | Reached XP level 18. HP: 120/120 MP: 28/28
 32523 | Spider:3 | Noticed Aizul
 32538 | Spider:3 | Killed Aizul
 32853 | Spider:4 | Entered Level 4 of the Spider Nest
 33473 | Spider:4 | Got a gossamer rune of Zot
 33752 | Vaults:1 | Entered Level 1 of the Vaults
 33821 | Vaults:1 | Paralysed by a sphinx for 6 turns
 34624 | Vaults:1 | Noticed a tentacled monstrosity
 34641 | Vaults:1 | Killed a tentacled monstrosity
 34641 | Vaults:1 | Reached skill level 17 in Fighting
 34641 | Vaults:1 | Reached XP level 19. HP: 128/128 MP: 29/29
 34975 | Vaults:1 | Found Enguelar's Book Shop.
 35266 | Vaults:2 | Found Foceh's Gadget Boutique.
 35286 | Vaults:2 | Noticed Xtahua
 35323 | Vaults:1 | Killed Xtahua
 35323 | Vaults:1 | Reached skill level 15 in Maces & Flails
 35806 | Vaults:2 | Found a staircase to the Crypt.
 36382 | Vaults:2 | Noticed a lich
 36413 | Vaults:2 | Killed a lich
 36527 | Vaults:2 | Reached XP level 20. HP: 129/136 MP: 30/30
 36572 | Vaults:2 | Reached skill level 18 in Fighting
 37220 | Vaults:2 | Mangled by a white very ugly thing

Skill      XL: |  1  2  3  4  5  6  7  8  9 10 11 12 13 14 15 16 17 18 19 20 |
---------------+-------------------------------------------------------------+-----
Armour         | 1 2 3 4 6 7 10 11 12 13 14 15 16 17 | 17.7
Fighting       | 3 4 5 6 7 8 10 11 12 13 14 16 17 18 | 18.0
Maces & Flails | 4 5 6 7 8 9 10 11 12 13 14 15 | 15.7
Dodging        | 3 4 5 6 7 8 9 10 11 12 13 | 13.9
Invocations    | 2 4 7 10 11 12 14 | 14.0
Shields        | 2 6 |  6.2
Throwing       | |  1.7

Action                   |  1- 3 |  4- 6 |  7- 9 | 10-12 | 13-15 | 16-18 | 19-21 || total
-------------------------+-------+-------+-------+-------+-------+-------+-------++-------
Melee: Flail             |   101 |   215 |   278 |   657 |       |       |       ||  1251
       Whip              |       |       |   211 |   187 |       |       |       ||   398
       Morningstar       |       |       |       |    38 |       |       |       ||    38
       Dire flail        |       |       |       |     6 |  1846 |  2275 |   726 ||  4853
Invok: Lesser Servant of |       |       |       |    11 |       |       |       ||    11
       Greater Servant o |       |       |       |       |     1 |     4 |     3 ||     8
 Abil: Stop Flying       |       |       |       |       |       |     1 |       ||     1
Evoke: Wand              |       |       |       |       |     4 |     1 |       ||     5
  Use: Scroll            |       |       |     8 |    20 |     7 |    12 |     2 ||    49
       Potion            |       |       |     2 |     8 |     1 |     1 |       ||    12
 Stab: Distracted        |       |       |       |     1 |     2 |       |     1 ||     4
       Petrified         |       |       |       |       |     8 |       |       ||     8
       Held in net/web   |       |       |       |       |       |     1 |       ||     1
  Eat: Chunk             |     1 |     7 |     6 |    20 |    27 |    23 |    12 ||    96
       Royal jelly       |       |       |     1 |       |     1 |     2 |       ||     4
       Beef jerky        |       |       |     1 |       |     1 |     1 |       ||     3
       Pizza             |       |       |     2 |       |       |     1 |       ||     3
       Bread ration      |       |       |     1 |     5 |       |       |       ||     6
       Meat ration       |       |       |       |     1 |       |       |       ||     1
       Fruit             |       |       |       |       |       |     2 |       ||     2
Armor: Leather armour    |    25 |       |       |       |       |       |       ||    25
       Chain mail        |    16 |   167 |   251 |    58 |       |  1410 |   406 ||  2308
       Plate armour      |       |       |       |   621 |  1037 |    61 |       ||  1719
Dodge: Dodged            |    68 |    99 |   231 |   469 |   908 |  2317 |   470 ||  4562
